NWL (28 & UNDER)
BISMARK BORDER GUARDS @ BISMARCK BARONS
05/04/2027
 
TOP OF THE 1ST
Bismark Border Guards batting - Pitching for Bismarck Barons : RHP Gene McNeil
Pitching: RHP Gene McNeil
Batting: RHB Enrique Mendoza 0-0: Ball
1-0: SOLO HOME RUN (Flyball, 7D), Distance : 367 ft
Batting: RHB Reynaldo Slomp 0-0: Ball
1-0: Fly out, F2 (Popup, 15)
Batting: RHB Trent Rasmussen 0-0: Ball
1-0: Called Strike
1-1: Ball
2-1: Ball
3-1: Base on Balls
Batting: LHB Alan Moore 0-0: Called Strike
0-1: SINGLE (Groundball, 56D)
Trent Rasmussen to second
Batting: RHB Enrique Soto 0-0: Ball
1-0: DOUBLE (Groundball, 5L)
Trent Rasmussen scores
Alan Moore to third
Batting: RHB Sergio Solíz 0-0: Ball
1-0: SINGLE (Flyball, 9LS)
Alan Moore scores
Enrique Soto to third
Runner from 3rd tries for Home, SAFE, throw made home
Sergio Solíz to second
Batting: SHB Júlio Romano 0-0: Ball
1-0: Ball
2-0: Called Strike
2-1: Ground out 5-3 (Groundball, 56)
Batting: RHB Alfredo Farías 0-0: SINGLE (Line Drive, 3D)
Sergio Solíz to third
Runner from 3rd tries for Home, SAFE, no throw
Batting: RHB Rob Schmidt 0-0: Called Strike
0-1: 2-RUN HOME RUN (Flyball, 78XD), Distance : 389 ft
Batting: RHB Enrique Mendoza 0-0: Ball
1-0: Ground out 5-3 (Groundball, 56)
Top of the 1st over - 7 run(s), 6 hit(s), 0 error(s), 0 left on base; Bismark 7 - Bismarck 0
BOTTOM OF THE 1ST
Bismarck Barons batting - Pitching for Bismark Border Guards : RHP Ben Cobb
Pitching: RHP Ben Cobb
Batting: SHB Álex Hernández 0-0: Ball
1-0: Foul Ball, location: 2F
1-1: Foul Ball, location: 2F
1-2: Fly out, F8 (Line Drive, 8RM)
Batting: LHB John Frost 0-0: Ground out 4-3 (Groundball, 4)
Batting: RHB Seiji Kouno 0-0: Ball
1-0: Foul Ball, location: 2F
1-1: Foul Ball, location: 2F
1-2: Ball
2-2: Strikes out swinging
Bottom of the 1st over - 0 run(s), 0 hit(s), 0 error(s), 0 left on base; Bismark 7 - Bismarck 0
TOP OF THE 2ND
Bismark Border Guards batting - Pitching for Bismarck Barons : RHP Gene McNeil
Batting: RHB Reynaldo Slomp 0-0: Foul Ball, location: 2F
0-1: Ground out 1-3 (Groundball, 13)
Batting: RHB Trent Rasmussen 0-0: Called Strike
0-1: Ball
1-1: DOUBLE (Line Drive, 78XD)
Batting: LHB Alan Moore 0-0: Ball
1-0: Fly out, F7 (Flyball, 7LS)
Batting: RHB Enrique Soto 0-0: Fly out, F7 (Flyball, 7LM)
Top of the 2nd over - 0 run(s), 1 hit(s), 0 error(s), 1 left on base; Bismark 7 - Bismarck 0
BOTTOM OF THE 2ND
Bismarck Barons batting - Pitching for Bismark Border Guards : RHP Ben Cobb
Batting: LHB Pedro Díaz 0-0: Foul Ball, location: 2F
0-1: Ball
1-1: Ground out 6-3 (Groundball, 6)
Batting: RHB Michael Thomas 0-0: Foul Ball, location: 2F
0-1: Ball
1-1: Ball
2-1: Ball
3-1: Base on Balls
Batting: RHB Roberto García 0-0: Ball
Michael Thomas steals 2nd base
1-0: Foul Ball, location: 2F
1-1: Swinging Strike
1-2: Strikes out looking
Batting: SHB Jeff Chambers 0-0: Ball
1-0: Called Strike
1-1: Swinging Strike
1-2: Foul Ball, location: 2F
1-2: Reached on error, E7 (Flyball, 7S)
Michael Thomas scores
Batting: RHB Jon Krohne 0-0: Foul Ball, location: 2F
0-1: Fly out, F6 (Popup, 6D)
Bottom of the 2nd over - 1 run(s), 0 hit(s), 1 error(s), 1 left on base; Bismark 7 - Bismarck 1
TOP OF THE 3RD
Bismark Border Guards batting - Pitching for Bismarck Barons : RHP Gene McNeil
Batting: RHB Sergio Solíz 0-0: Ground out 5-3 (Groundball, 56)
Batting: SHB Júlio Romano 0-0: Ball
1-0: Swinging Strike
1-1: Swinging Strike
1-2: Ball
2-2: Ball
3-2: Strikes out swinging
Batting: RHB Alfredo Farías 0-0: Swinging Strike
0-1: Foul Ball, location: 2F
0-2: Strikes out swinging
Top of the 3rd over - 0 run(s), 0 hit(s), 0 error(s), 0 left on base; Bismark 7 - Bismarck 1
BOTTOM OF THE 3RD
Bismarck Barons batting - Pitching for Bismark Border Guards : RHP Ben Cobb
Batting: LHB Jorge Fernández 0-0: Foul Ball, location: 2F
0-1: Ball
1-1: Called Strike
1-2: Strikes out swinging
Batting: SHB Álex Hernández 0-0: Ball
1-0: Ball
2-0: Called Strike
2-1: Foul Ball, location: 2F
2-2: Strikes out swinging
Batting: LHB John Frost 0-0: Called Strike
0-1: Ball
1-1: Ball
2-1: Foul Ball, location: 2F
2-2: Fly out, F8 (Flyball, 8RS)
Bottom of the 3rd over - 0 run(s), 0 hit(s), 0 error(s), 0 left on base; Bismark 7 - Bismarck 1
TOP OF THE 4TH
Bismark Border Guards batting - Pitching for Bismarck Barons : RHP Gene McNeil
Batting: RHB Rob Schmidt 0-0: Foul Ball, location: 2F
0-1: SOLO HOME RUN (Flyball, 78XD), Distance : 369 ft
Pitching: RHP Edgar Villa
Batting: RHB Enrique Mendoza 0-0: Foul Ball, location: 2F
0-1: Ball
1-1: Ball
2-1: Ball
3-1: Foul Ball, location: 2F
3-2: Base on Balls
Batting: RHB Reynaldo Slomp 0-0: Ball
1-0: Ground out 5-3 (Groundball, 56S)
Enrique Mendoza to second
Batting: RHB Trent Rasmussen 0-0: Called Strike
0-1: Ball
1-1: SINGLE (Line Drive, 8RS)
Enrique Mendoza to third
Runner from 3rd tries for Home, SAFE, no throw
Batting: LHB Alan Moore 0-0: Called Strike
0-1: Foul Ball, location: 2F
0-2: SINGLE (Line Drive, 34)
Trent Rasmussen to second
Batting: RHB Enrique Soto 0-0: Swinging Strike
0-1: Swinging Strike
0-2: Ball
1-2: Foul Ball, location: 2F
1-2: Strikes out swinging
Batting: RHB Sergio Solíz 0-0: Foul Ball, location: 2F
0-1: SINGLE (Groundball, 6D)
Trent Rasmussen to third
Alan Moore to second
Runner from 3rd tries for Home, SAFE, no throw
Batting: SHB Júlio Romano 0-0: Ball
1-0: Swinging Strike
1-1: Ball
2-1: Foul Ball, location: 2F
2-2: Ball
3-2: Strikes out swinging
Top of the 4th over - 3 run(s), 4 hit(s), 0 error(s), 2 left on base; Bismark 10 - Bismarck 1
BOTTOM OF THE 4TH
Bismarck Barons batting - Pitching for Bismark Border Guards : RHP Ben Cobb
Batting: RHB Seiji Kouno 0-0: Ball
1-0: Ball
2-0: Swinging Strike
2-1: Swinging Strike
2-2: Strikes out swinging
Batting: LHB Pedro Díaz 0-0: Called Strike
0-1: SINGLE (Groundball, 6MD)
Batting: RHB Michael Thomas 0-0: Called Strike
0-1: Called Strike
0-2: SINGLE (Line Drive, 89S)
Pedro Díaz to second
Batting: RHB Roberto García 0-0: Called Strike
0-1: Ball
1-1: Ball
2-1: Ball
3-1: Base on Balls
Pedro Díaz to third
Michael Thomas to second
Batting: SHB Jeff Chambers 0-0: Ball
1-0: Foul Ball, location: 2F
1-1: Ball
2-1: Foul Ball, location: 2F
2-2: Grounds into double play, 4-6-3 (Groundball, 4)
Bottom of the 4th over - 0 run(s), 2 hit(s), 0 error(s), 2 left on base; Bismark 10 - Bismarck 1
TOP OF THE 5TH
Bismark Border Guards batting - Pitching for Bismarck Barons : RHP Edgar Villa
Batting: RHB Alfredo Farías 0-0: Ball
1-0: SINGLE (Groundball, 4MD)
Batting: RHB Rob Schmidt 0-0: Ball
Alfredo Farías steals 2nd base
1-0: Called Strike
1-1: Foul Ball, location: 2F
1-2: SINGLE (Groundball, 56D)
Alfredo Farías to third
Runner from 3rd tries for Home, throw and OUT!
Batting: RHB Enrique Mendoza 0-0: Foul Ball, location: 2F
0-1: Swinging Strike
0-2: Strikes out looking
Batting: RHB Reynaldo Slomp 0-0: Foul Ball, location: 2F
0-1: Ball
1-1: Foul Ball, location: 2F
1-2: Ground out 3-1 (Groundball, 34)
Top of the 5th over - 0 run(s), 2 hit(s), 0 error(s), 1 left on base; Bismark 10 - Bismarck 1
BOTTOM OF THE 5TH
Bismarck Barons batting - Pitching for Bismark Border Guards : RHP Ben Cobb
Batting: RHB Jon Krohne 0-0: Called Strike
0-1: Foul Ball, location: 2F
0-2: Ball
1-2: Ball
2-2: Fly out, F7 (Flyball, 7LMF)
Batting: LHB Jorge Fernández 0-0: Called Strike
0-1: Called Strike
0-2: Foul Ball, location: 2F
0-2: Ball
1-2: Ball
2-2: Ball
3-2: Ground out 4-3 (Groundball, 4)
Batting: SHB Álex Hernández 0-0: Ball
1-0: Called Strike
1-1: Ball
2-1: Ball
3-1: Ground out 5-3 (Groundball, 56S)
Bottom of the 5th over - 0 run(s), 0 hit(s), 0 error(s), 0 left on base; Bismark 10 - Bismarck 1
TOP OF THE 6TH
Bismark Border Guards batting - Pitching for Bismarck Barons : RHP Edgar Villa
Batting: RHB Trent Rasmussen 0-0: Ball
1-0: Ball
2-0: Foul Ball, location: 2F
2-1: Fly out, F8 (Flyball, 8RS)
Batting: LHB Alan Moore 0-0: Foul Ball, location: 2F
0-1: Ball
1-1: Ball
2-1: Ball
3-1: Base on Balls
Batting: RHB Enrique Soto 0-0: Ball
1-0: Ball
2-0: Foul Ball, location: 2F
2-1: Called Strike
2-2: Strikes out looking
Batting: RHB Sergio Solíz 0-0: Fielders Choice at 2nd, 6-4 (Groundball, 6)
Top of the 6th over - 0 run(s), 0 hit(s), 0 error(s), 0 left on base; Bismark 10 - Bismarck 1
BOTTOM OF THE 6TH
Bismarck Barons batting - Pitching for Bismark Border Guards : RHP Ben Cobb
Pitching: RHP Domingo García
Batting: LHB John Frost 0-0: Ball
1-0: Ball
2-0: Ball
3-0: Called Strike
3-1: Base on Balls
Batting: RHB Seiji Kouno 0-0: Foul Ball, location: 2F
0-1: Ball
1-1: Foul Ball, location: 2F
1-2: Strikes out swinging
Batting: LHB Pedro Díaz 0-0: Called Strike
0-1: Called Strike
0-2: Fly out, F7 (Flyball, 7LS)
Batting: RHB Michael Thomas 0-0: SINGLE (Groundball, 56S) (infield hit)
John Frost to second
Batting: RHB Roberto García 0-0: Called Strike
0-1: Ball
1-1: Ball
2-1: Called Strike
2-2: Strikes out swinging
Bottom of the 6th over - 0 run(s), 1 hit(s), 0 error(s), 2 left on base; Bismark 10 - Bismarck 1
TOP OF THE 7TH
Bismark Border Guards batting - Pitching for Bismarck Barons : RHP Edgar Villa
Batting: SHB Júlio Romano 0-0: Ball
1-0: Foul Ball, location: 2F
1-1: Called Strike
1-2: Foul Ball, location: 2F
1-2: Fly out, F8 (Line Drive, 8LM)
Batting: RHB Alfredo Farías 0-0: Ball
1-0: Ball
2-0: Called Strike
2-1: Ball
3-1: Called Strike
3-2: Foul Ball, location: 2F
3-2: Base on Balls
Batting: RHB Rob Schmidt 0-0: Ball
Throwing error on steal attempt, E2
Alfredo Farías to third
1-0: Swinging Strike
1-1: Ball
2-1: Swinging Strike
2-2: Ball
3-2: Foul Ball, location: 2F
3-2: Base on Balls
Batting: RHB Enrique Mendoza 0-0: Ball
1-0: Foul Ball, location: 2F
1-1: Ball
2-1: DOUBLE (Flyball, 89M)
Alfredo Farías scores
Rob Schmidt to third
Pitching: RHP Sean Bass
Batting: RHB Reynaldo Slomp 0-0: Ball
1-0: Ball
2-0: Swinging Strike
2-1: Swinging Strike
2-2: Ball
3-2: Strikes out swinging
Batting: RHB Trent Rasmussen 0-0: Fly out, F7 (Flyball, 7S)
Top of the 7th over - 1 run(s), 1 hit(s), 1 error(s), 2 left on base; Bismark 11 - Bismarck 1
BOTTOM OF THE 7TH
Bismarck Barons batting - Pitching for Bismark Border Guards : RHP Domingo García
Now at C: António Martínez
Now at 3B: Pedro Rodríguez
Batting: SHB Jeff Chambers 0-0: Ball
1-0: Foul Ball, location: 2F
1-1: Ground out U3 (Groundball, 3S)
Pinch Hitting: LHB Jesús Bueno 0-0: Ball
1-0: Ball
2-0: Foul Ball, location: 2F
2-1: SINGLE (Groundball, 4MD)
Batting: LHB Jorge Fernández 0-0: Ball
1-0: SINGLE (Line Drive, 89S)
Jesús Bueno to second
Pinch Hitting: RHB Mark Roy 0-0: Ground out U3 (Groundball, 3S)
Jesús Bueno to third
Jorge Fernández to second
Batting: LHB John Frost 0-0: Called Strike
0-1: Fly out, F9 (Flyball, 89M)
Bottom of the 7th over - 0 run(s), 2 hit(s), 0 error(s), 2 left on base; Bismark 11 - Bismarck 1
TOP OF THE 8TH
Bismark Border Guards batting - Pitching for Bismarck Barons : RHP Sean Bass
Now at 3B: Mark Roy
Now in RF: Jesús Bueno
Batting: LHB Alan Moore 0-0: Ball
1-0: Ground out 5-3 (Groundball, 56)
Batting: RHB Enrique Soto 0-0: Called Strike
0-1: Foul Ball, location: 2F
0-2: Foul Ball, location: 2F
0-2: Ball
1-2: Fly out, F7 (Line Drive, 7)
Pinch Hitting: RHB Vincent Braun 0-0: Ball
1-0: Foul Ball, location: 2F
1-1: Foul Ball, location: 2F
1-2: Fly out, F9 (Flyball, 89D)
Top of the 8th over - 0 run(s), 0 hit(s), 0 error(s), 0 left on base; Bismark 11 - Bismarck 1
BOTTOM OF THE 8TH
Bismarck Barons batting - Pitching for Bismark Border Guards : RHP Domingo García
Now in RF: Will Hill
Batting: RHB Seiji Kouno 0-0: Ball
1-0: SINGLE (Line Drive, 78S)
Batting: LHB Pedro Díaz 0-0: Ball
1-0: Ball
2-0: Ball
3-0: Base on Balls
Seiji Kouno to second
Batting: RHB Michael Thomas 0-0: Ball
1-0: Called Strike
1-1: Foul Ball, location: 2F
1-2: Ball
2-2: Foul Ball, location: 2F
2-2: Ball
3-2: Strikes out swinging
Batting: RHB Roberto García 0-0: Ball
1-0: Ball
2-0: Ball
3-0: Base on Balls
Seiji Kouno to third
Pedro Díaz to second
Batting: SHB Jeff Chambers 0-0: Foul Ball, location: 2F
0-1: Ball
1-1: Ball
2-1: Swinging Strike
2-2: Ball
3-2: Base on Balls
Seiji Kouno scores
Pedro Díaz to third
Roberto García to second
Pitching: RHP Beau Murphy
Batting: LHB Jesús Bueno 0-0: Called Strike
0-1: Grounds into double play, 4-6-3 (Groundball, 4)
Bottom of the 8th over - 1 run(s), 1 hit(s), 0 error(s), 2 left on base; Bismark 11 - Bismarck 2
TOP OF THE 9TH
Bismark Border Guards batting - Pitching for Bismarck Barons : RHP Sean Bass
Batting: SHB Júlio Romano 0-0: Called Strike
0-1: Ball
1-1: Ball
2-1: Foul Ball, location: 2F
2-2: Foul Ball, location: 2F
2-2: Strikes out swinging
Batting: RHB Alfredo Farías 0-0: Called Strike
0-1: Ball
1-1: SINGLE (Groundball, 4MD)
Batting: RHB Pedro Rodríguez Pickoff Throw to First - Out!
0-0: Ball
1-0: Ball
2-0: Ball
3-0: Called Strike
3-1: Base on Balls
Batting: RHB Enrique Mendoza
Pinch Hitting: RHB Jacob Hill 0-0: Ball
1-0: Ball
2-0: DOUBLE (Line Drive, 78D)
Pedro Rodríguez to third
Batting: RHB Reynaldo Slomp 0-0: Swinging Strike
0-1: Ball
1-1: Called Strike
1-2: Ground out 6-3 (Groundball, 6)
Top of the 9th over - 0 run(s), 2 hit(s), 0 error(s), 2 left on base; Bismark 11 - Bismarck 2
BOTTOM OF THE 9TH
Bismarck Barons batting - Pitching for Bismark Border Guards : RHP Beau Murphy
Now in LF: Vicente Pagán
Batting: LHB Jorge Fernández 0-0: Called Strike
0-1: Ball
1-1: Foul Ball, location: 2F
1-2: Strikes out swinging
Batting: RHB Mark Roy 0-0: Called Strike
0-1: Ball
1-1: Ball
2-1: Foul Ball, location: 2F
2-2: Ball
3-2: Ground out 6-3 (Groundball, 6)
Pinch Hitting: RHB Esteban Lara 0-0: Ball
1-0: Called Strike
1-1: Called Strike
1-2: Strikes out looking
Bottom of the 9th over - 0 run(s), 0 hit(s), 0 error(s), 0 left on base; Bismark 11 - Bismarck 2
Thursday, March 30th, 2017 - OOTP Baseball 17.12 Build 75